 Dungeon Crawl Stone Soup version 0.26.1-11-gd32895ea62 (webtiles) character file.

Game seed: 7331445355183521660

352 Majorwet the Gusty (level 6, -4/48 HPs)
             Began as a Draconian Air Elementalist on June 15, 2021.
             Slain by an orc warrior
             ... wielding a +0 trident
              (11 damage)
             ... on level 4 of the Dungeon on June 16, 2021.
             The game lasted 00:17:33 (5554 turns).

Majorwet the Gusty (Draconian Air Elementalist)     Turns: 5554, Time: 00:17:34

Health: -4/48      AC:  6    Str: 16    XL:     6   Next: 35%
Magic:  6/12       EV: 16    Int: 18    God:
Gold:   155        SH:  0    Dex: 11    Spells: 12/13 levels left

rFire    . . .     SeeInvis .   a - +0 dagger
rCold    . . .     Faith    .   (no shield)
rNeg     . . .     Spirit   .   (armour unavailable)
rPois    .         Reflect  .   (helmet restricted)
rElec    .         Harm     .   (no cloak)
rCorr    .         Rampage  .   (no gloves)
Will     .....                  (no boots)
Stlth    ++........             l - amulet of magic regeneration
HPRegen  0.16/turn              b - +4 ring of evasion
MPRegen  0.38/turn              n - +6 ring of strength

@: no status effects
A: unfitting armour, cold-blooded, AC +6
a: no special abilities


You were on level 4 of the Dungeon.
You visited 1 branch of the dungeon, and saw 4 of its levels.

You collected 155 gold pieces.

Inventory:

Hand Weapons
 a - a +0 dagger (weapon)
Jewellery
 b - a +4 ring of evasion (left hand)
 j - an uncursed ring of protection from cold
 l - an amulet of magic regeneration (around neck)
 n - a +6 ring of strength (right hand)
Scrolls
 c - 2 scrolls of identify
 e - 2 scrolls of random uselessness
 g - a scroll of fog
 h - a scroll of remove curse
 q - a scroll of magic mapping {unknown}
Potions
 d - a potion of magic {unknown}
 f - a potion of degeneration {unknown}
 i - a potion of cancellation
 k - a potion of might {unknown}
 m - a potion of ambrosia {unknown}


   Skills:
 * Level 2.1 Fighting
 + Level 0.8 Short Blades
 + Level 2.2 Dodging
 - Level 2.1 Stealth
 * Level 4.0 Spellcasting
 + Level 2.5 Conjurations
 * Level 4.5 Air Magic


You had 12 spell levels left.
You knew the following spells:

 Your Spells              Type           Power        Failure   Level
a - Shock                 Conj/Air       64%          3%          1

Your spell library contained the following spells:

 Spells                   Type           Power        Failure   Level
 Swiftness                Air            19%          3%          2
 Magic Dart               Conj           48%          5%          1
 Static Discharge         Conj/Air       16%          11%         3
 Mephitic Cloud           Conj/Pois/Air  11%          17%         3
 Blink                    Tloc           N/A          22%         2
 Call Imp                 Summ           3%           22%         2
 Slow                     Hex            3%           22%         2
 Airstrike                Air            9%           22%         4
 Conjure Flame            Conj/Fire      8%           26%         3
 Lightning Bolt           Conj/Air       8%           67%         5


Dungeon Overview and Level Annotations

Branches:
Dungeon (4/15)             Temple (0/1) D:4

Altars:
Makhleb
Okawaru

Shops:
D:4 (


Innate Abilities, Weirdness & Mutations

Your plain brown scales are hard. (AC +6)
You cannot fit into any form of body armour.
You are cold-blooded and may be slowed by cold attacks.


Message History

The orc priest is almost dead.
The zap misses the orc warrior.
The orc priest calls down the wrath of Beogh upon you.
Beogh smites you! The orc warrior closely misses you.
Aiming: Shock (safe; 3% risk of failure)
Press: ? - help, Q - select action Shift-Dir - straight line, f/p - orc warrior
Aim: an orc warrior, wielding a +0 trident and wearing a +0 plate armour (lightly wounded, 29% to evade)
The zap hits the orc priest.
You kill the orc priest!
The zap hits the orc warrior but does no damage.
The orc warrior is lightly wounded.
The orc warrior hits you from afar with a +0 trident!!
* * * LOW HITPOINT WARNING * * *
Your Spellcasting skill increases to level 4!
The orc warrior hits you with a +0 trident.
* * * LOW HITPOINT WARNING * * *
Things that are here:
a +0 falchion; an orc corpse The orc warrior hits you with a +0 trident!
You die...

### ########## #### ##.##
#........# ...#
##...###.######.# ##.#
##.....##.# #.# #.#
##.......#.#### #.# ##.##
#........@....# #.# ....#
##......o#.##.# #.# ##..#
##.....##.##.###.####
....#####..>[)###...........#
###..o.......#.#####..#####.#
# #.#######.#.## #..#####.#
###.# #..## #.....##.# ....#
#)## ##.##.##.# #.### ##'##
#.##.##.#


You could see an orc warrior.

Vanquished Creatures
  A hound (D:2)
  2 orc priests
  An iguana (D:4)
  An orc wizard (D:4)
  2 worker ants (D:4)
  4 gnolls (D:3)
  2 adders
  2 oozes (D:1)
  An adder skeleton (D:4)
  A worm (D:3)
  3 dart slugs
  5 leopard geckos
  12 orcs
  8 bats (D:1)
  10 giant cockroaches
  3 goblins
  6 hobgoblins
  A quokka (D:4)
  A ball python (D:1)
  7 frilled lizards
  6 kobolds
  A rat (D:3)
80 creatures vanquished.

Notes
Turn   | Place    | Note
-------+----------+-------------------------------------------
     0 | D:1      | Majorwet the Draconian Air Elementalist began the quest for
                  | the Orb.
     0 | D:1      | Reached XP level 1. HP: 14/14 MP: 3/3
   383 | D:1      | Reached XP level 2. HP: 13/20 MP: 0/5
   968 | D:1      | Reached XP level 3. HP: 25/26 MP: 1/6
  1861 | D:2      | Found an iron altar of Okawaru.
  2377 | D:2      | Found a burning altar of Makhleb.
  2388 | D:2      | Reached XP level 4. HP: 22/33 MP: 1/8
  3376 | D:3      | Reached XP level 5. HP: 39/39 MP: 0/9
  3593 | D:3      | Reached skill level 1 in Fighting
  4393 | D:4      | Found a staircase to the Ecumenical Temple.
  4613 | D:4      | Found Plog's Weapon Boutique.
  4845 | D:4      | Reached XP level 6. HP: 48/48 MP: 6/11
  5198 | D:4      | Noticed an orc warrior
  5209 | D:4      | HP: 2/48 [orc warrior/+0 trident (14)]
  5554 | D:4      | Slain by an orc warrior

Illustrated notes

Levels and vault maps discovered:
D:1:      psy_arrival_conway, layout_basic, hangedman_decor_growths,
          kennysheep_boxes
D:2:      layout_loops_ring, general_overflow_altar, makhleb_blood_cavern_becter
D:3:      layout_basic, gup_sewer_entry_pipe, hangedman_decor_points,
          minmay_misc_feat_tower
D:4:      layout_loops_corners, minmay_temple_entry_nine_rooms, serial_shops,
          nicolae_shop_stone

Skill      XL: |  1  2  3  4  5  6 |
---------------+-------------------+-----
Stealth        | 2 |  2.1
Dodging        | 2 |  2.2
Air Magic      | 4 |  4.5
Conjurations   | 2 |  2.5
Spellcasting   | 3 4 |  4.0
Fighting       | 1 2 |  2.1
Short Blades   | |  0.8

Action                   |  1- 3 |  4- 6 || total
-------------------------+-------+-------++-------
Melee: Dagger            |    39 |    31 ||    70
       Unarmed           |     3 |       ||     3
       Tailslap          |     5 |     1 ||     6
 Cast: Shock             |    63 |   137 ||   200
  Use: Scroll            |       |     4 ||     4
       Potion            |       |     3 ||     3
 Stab: Sleeping          |     1 |       ||     1
Armor: Skin              |    22 |     7 ||    29
Dodge: Dodged            |    48 |    53 ||   101
